 Dungeon Crawl Stone Soup version 0.18-a0-1577-gf591c28 (webtiles) character file.

17 M4edhros the Charlatan (level 2, -1/18 HPs)
             Began as an Octopode Artificer on Mar 20, 2016.
             Slain by a goblin (3 damage)
             ... on level 2 of the Dungeon.
             The game lasted 00:01:37 (854 turns).

M4edhros the Charlatan (Octopode Artificer)          Turns: 854, Time: 00:01:37

Health: -1/18      AC:  1    Str: 10    XL:     2   Next: 62%
Magic:  4/4        EV: 12    Int: 14    God:
Gold:   36         SH:  0    Dex: 12    Spells: 0 memorised, 1 level left

rFire  . . .     SeeInvis .     a - +0 short sword
rCold  . . .     Gourm    .     (no shield)
rNeg   . . .     Faith    .     (helmet restricted)
rPois  .         Spirit   .     h - amulet of magic regeneration
rElec  .         Dismiss  .     (no ring)
rCorr  .         Reflect  .     (no ring)
SustAt .         Harm     .     (no ring)
MR     .....                    (no ring)
Stlth  +++.......               (no ring)
                                (no ring)
                                (no ring)
                                (no ring)

@: not resistant to hostile enchantments, fairly stealthy
A: almost no armour, amphibious, 8 rings, constrict 8, camouflage 1, gelatinous
body 1
a: no special abilities


You were on level 2 of the Dungeon.
You were not hungry.

You visited 1 branch of the dungeon, and saw 2 of its levels.

You collected 36 gold pieces.

Inventory:

Hand Weapons
 a - a +0 short sword (weapon)
Jewellery
 h - an amulet of magic regeneration (around mantle)
Wands
 b - a wand of flame (15/48)
 c - a wand of enslavement (15/24)
 d - a wand of random effects (15/48)
Scrolls
 i - a scroll of recharging {unknown}
 j - 2 scrolls of identify {unknown}
Potions
 e - a potion of cure mutation {unknown}
 g - a potion of lignification {unknown}
 l - a potion of resistance {unknown}
Comestibles
 f - a bread ration


   Skills:
 - Level 1.0 Fighting
 - Level 1.0 Short Blades
 + Level 2.5 Dodging
 * Level 2.9 Stealth
 - Level 3.2 Evocations


You had one spell level left.
You didn't know any spells.

Dungeon Overview and Level Annotations

Branches:
Dungeon (2/15)

Altars:


Innate Abilities, Weirdness & Mutations

You cannot wear most types of armour.
You are amphibious.
You can wear up to eight rings at the same time.
You can use your tentacles to constrict eight enemies at once.
Your skin changes colour to match your surroundings (Stealth).
Your rubbery body absorbs attacks (AC +1).


Message History

The giant gecko bites you.
You hit the giant gecko.
You kill the giant gecko!
The goblin barely misses you.
You closely miss the goblin. Your grab misses the goblin.
The goblin barely misses you.
You miss the goblin. Your grab misses the goblin.
Your squeeze misses the goblin. The goblin hits you.
* * * LOW HITPOINT WARNING * * *
The bat misses you. The goblin barely misses you.
You are too injured to fight recklessly!
You closely miss the goblin. Your grab misses the goblin.
You squeeze the goblin.
The goblin is severely wounded.
The bat closely misses you. The goblin hits you.
* * * LOW HITPOINT WARNING * * *
You completely miss the goblin. Your grab misses the goblin.
The goblin is severely wounded.
The bat hits you but does no damage. The goblin hits you.
You die...

.##.## .......
..#...####.......
.........#.......
$......#.#.....# .#
............##..# .###
..l.....#<....... ...##
...g...g.#....#.###.#...
..l..)(#.......g.....##
.......#.....#.b@.....#
......##..............#
...... #.....#......#.#
#####. ......#......# ##
#.....#..<...#
#.....########


You could see a goblin and a bat.

Vanquished Creatures
  A dart slug (D:1)
  A giant gecko (D:2)
  A giant cockroach (D:1)
  2 goblins (D:1)
  2 hobgoblins (D:1)
  A kobold (D:1)
  A quokka (D:2)
  4 rats (D:1)
13 creatures vanquished.

Notes
Turn   | Place    | Note
--------------------------------------------------------------
     0 | D:1      | M4edhros the Octopode Artificer began the quest for the Orb.
     0 | D:1      | Reached XP level 1. HP: 13/13 MP: 3/3
   244 | D:1      | Reached XP level 2. HP: 18/18 MP: 4/4
   854 | D:2      | Slain by a goblin

Vault maps used:
D:1:      nagdon_arrival_zigzag_paths, serial_park_tiny_pond,
          hangedman_abyss_or_decor_lesser_grid

Skill      XL: |  1 |
---------------+----+-----
Stealth        | 2 |  2.9
Fighting       | |  1.0
Short Blades   | |  1.0
Dodging        | |  2.5
Evocations     | |  3.2

Action                   || total
-------------------------++-------
Melee: Short sword       ||    26
 Stab: Sleeping          ||     6
